 Dungeon Crawl Stone Soup version 0.20-a0-876-g2c7b0bf (webtiles) character file.

188 M4edhros the Insei (level 5, -6/32 HPs)
             Began as an Octopode Necromancer on Mar 14, 2017.
             Was a Follower of Cheibriados.
             Killed from afar by an orc wizard (10 damage)
             ... with a magic dart
             ... on level 5 of the Dungeon.
             The game lasted 00:07:52 (1510 turns).

M4edhros the Insei (Octopode Necromancer)           Turns: 1510, Time: 00:07:53

Health: -6/32      AC:  1    Str: 11    XL:     5   Next: 67%
Magic:  7/7        EV: 14    Int: 20    God:    Cheibriados [*.....]
Gold:   164        SH:  0    Dex: 16    Spells: 1/8 levels left

rFire    . . .     SeeInvis +   h - +2 whip (drain)
rCold    . . .     Gourm    .   (no shield)
rNeg     . . .     Faith    .   (helmet restricted)
rPois    .         Spirit   .   u - amulet of harm
rElec    .         Reflect  .   p - ring of see invisible
rCorr    .         Harm     +   (no ring)
MR       .....                  (no ring)
Stlth    +++.......             (no ring)
Regen    0.5/turn               (no ring)
MPRegen  0.1/turn               (no ring)
                                (no ring)
                                (no ring)

@: very slow
A: almost no armour, stealthy swim, amphibious, 8 rings, constrict 8, tentacle
spike 1, camouflage 1, low mp 1, sense surroundings 1, regeneration 1,
gelatinous body 1
a: Bend Time, Renounce Religion


You were on level 5 of the Dungeon.
You worshipped Cheibriados.
Cheibriados was aware of your devotion.
You were not hungry.

You visited 2 branches of the dungeon, and saw 6 of its levels.

You collected 164 gold pieces.

Inventory:

Hand Weapons
 h - a +2 whip of draining (weapon)
 s - a +1 whip of holy wrath
Missiles
 i - 27 sling bullets
 r - 71 stones (quivered)
Jewellery
 p - a ring of see invisible (left tentacle)
 u - an amulet of harm (around mantle)
Scrolls
 d - a scroll of amnesia {unknown}
 e - a scroll of teleportation {unknown}
 g - 5 scrolls of remove curse {unknown}
 j - a scroll of fog {unknown}
 m - 4 scrolls of identify {unknown}
 n - 3 scrolls of recharging {unknown}
 q - a scroll of enchant armour {unknown}
 y - 2 scrolls of enchant weapon {unknown}
Potions
 k - a potion of mutation
 l - 2 potions of lignification
Books
 a - a book of Necromancy

   Spells                             Type                      Level
   a - Pain                           Necromancy                   1
   b - Animate Skeleton               Necromancy                   1
   c - Vampiric Draining              Necromancy                   3
   d - Regeneration                   Charms/Necromancy            3
   e - Animate Dead                   Necromancy                   4
   f - Control Undead                 Necromancy                   4
 t - a book of Callings

   Spells                             Type                      Level
   a - Summon Small Mammal            Summoning                    1
   b - Call Imp                       Summoning                    2
   c - Call Canine Familiar           Summoning                    3
   d - Summon Guardian Golem          Hexes/Summoning              3
   e - Summon Lightning Spire         Summoning/Air                4
   f - Summon Ice Beast               Ice/Summoning                4
Comestibles
 b - 2 bread rations
 c - 2 fruits
 f - 2 royal jellies
 v - 4 chunks of flesh
 x - 2 meat rations


   Skills:
 + Level 0.8 Fighting
 + Level 2.4 Dodging
 - Level 2.6 Stealth
 + Level 4.6 Unarmed Combat
 - Level 2.0 Spellcasting
 + Level 1.1 Summonings
 - Level 4.0 Necromancy


You had one spell level left.
You knew the following spells:

 Your Spells              Type           Power        Failure   Level  Hunger
a - Pain                  Necr           ###.         2%          1    #......
b - Animate Skeleton      Necr           N/A          2%          1    #......
c - Regeneration          Chrm/Necr      ##........   21%         3    ###....
d - Call Imp              Summ           #.......     17%         2    ##.....


Dungeon Overview and Level Annotations

Branches:
Dungeon (5/15)             Temple (1/1) D:4

Altars:
Ashenzari
Cheibriados
Dithmenos
Elyvilon
Gozag
Hepliaklqana
Makhleb
Okawaru
Qazlal
Ru
Sif Muna
Trog
Uskayaw
Vehumet
Xom
Yredelemnul
The Shining One

Annotations:
D:4 Vesto's ghost, weakling OpCj


Innate Abilities, Weirdness & Mutations

You cannot wear most types of armour.
You are very stealthy in the water. (Stealth+)
You are amphibious.
You can wear up to eight rings at the same time.
You can use your tentacles to constrict eight enemies at once.
Your skin changes colour to match your surroundings (Stealth+).
Your rubbery body absorbs attacks. (AC +1, EV +1)
One of your tentacles bears a spike.
Your magical capacity is low. (-10% MP)
You passively map a small area around you.
Your natural rate of healing is unusually fast.


Message History

You hit the orc wizard. You drain the orc wizard!
The orc wizard is moderately wounded.
The orc hits you with a flail.
* * * LOW HITPOINT WARNING * * *
The orc wizard points at you and mumbles some strange words.
You resist with some effort.
The sky beast hits you but does no damage.
The orc hits you but does no damage.
It was a potion of cancellation.
Your magical effects are unravelling.
You feel magically purged.
Your magical contamination has completely faded away.
You feel less wooden.
You feel yourself slow down. The orc hits you with a mace.
* * * LOW HITPOINT WARNING * * *
The orc barely misses you.
Unknown command.
The orc wizard gestures at you while chanting.
The magic dart hits you!
You die...

, ..* # .% .#
* * .# #.##
##.##...##
####h.....$.#
*
#..ho#......#
* ##.o......#
*,#o@Yo.....#
, * *
#.###.#?... *
, #.* *.# ...
* *** #. * #
. #. , * ## ,
* * * * ,


You could see a sky beast, an orc wizard, 3 orcs and 2 jackals.

Vanquished Creatures
  Ijyb (D:3)
  Terence (D:2)
  A worker ant (D:4)
  4 gnolls (D:4)
  An adder (D:2)
  A worm (D:3)
  3 dart slugs
  4 leopard geckos
  An orc (D:5)
  A ball python (D:2)
  6 bats
  5 giant cockroaches
  2 goblins (D:2)
  2 hobgoblins
  3 jackals
  6 kobolds
  3 quokkas
  4 frilled lizards
  A leopard gecko skeleton (D:4)
  5 rats
55 creatures vanquished.

Vanquished Creatures (collateral kills)
  A jackal (D:2)
1 creature vanquished.

Grand Total: 56 creatures vanquished

Notes
Turn   | Place    | Note
-------+----------+-------------------------------------------
     0 | D:1      | M4edhros the Octopode Necromancer began the quest for the Orb.
     0 | D:1      | Reached XP level 1. HP: 11/11 MP: 3/3
   103 | D:1      | Reached skill level 1 in Unarmed Combat
   167 | D:1      | Reached XP level 2. HP: 3/17 MP: 5/5
   247 | D:1      | Learned a level 1 spell: Animate Skeleton
   409 | D:2      | Noticed Terence
   414 | D:2      | Killed Terence
   414 | D:2      | Reached XP level 3. HP: 5/21 MP: 6/6
   419 | D:2      | Learned a level 3 spell: Regeneration
   503 | D:4      | Reached XP level 4. HP: 17/27 MP: 2/7
   570 | D:4      | Found a staircase to the Ecumenical Temple.
   574 | D:4      | Noticed Vesto's ghost (weakling OpCj)
   583 | Temple   | Entered the Ecumenical Temple
   624 | Temple   | Became a worshipper of Cheibriados the Contemplative
   695 | D:3      | Found a stormy altar of Qazlal.
  1050 | D:2      | Reached * piety under Cheibriados
  1131 | D:3      | Learned a level 2 spell: Call Imp
  1157 | D:3      | Reached XP level 5. HP: 22/31 MP: 8/8
  1257 | D:3      | Noticed Ijyb
  1266 | D:3      | Killed Ijyb
  1378 | D:4      | Reached skill level 1 in Summonings
  1497 | D:5      | Entered Level 5 of the Dungeon
  1500 | D:5      | Noticed a sky beast
  1503 | D:5      | Gained mutation: Your magical capacity is low. (-10% MP) [potion of mutation]
  1503 | D:5      | Gained mutation: You passively map a small area around you. [potion of mutation]
  1503 | D:5      | Gained mutation: One of your tentacles bears a spike. [potion of mutation]
  1503 | D:5      | Gained mutation: Your natural rate of healing is unusually fast. [potion of mutation]
  1510 | D:5      | Killed from afar by an orc wizard

Vault maps used:
D:1:      eino_arrival_tree_alley, grunt_decor_mini_mirrors
D:2:      uniq_terence
D:3:      nicolae_qazlal_general_emergency, tgw_trog, uniq_iyjb
D:4:      minmay_temple_entry_trees, grunt_decor_arrowhead, item_on_display_a
D:5:      first_bread, serial_shops, shop
Temple:   nicolae_temple_elliptical

Skill      XL: |  1  2  3  4  5 |
---------------+----------------+-----
Unarmed Combat | 1 3 4 |  4.6
Summonings     | 1 |  1.1
Fighting       | |  0.8
Dodging        | |  2.4
Stealth        | |  2.6
Spellcasting   | |  2.0
Necromancy     | |  4.0

Action                   |  1- 3 |  4- 6 || total
-------------------------+-------+-------++-------
Melee: Unarmed           |     6 |       ||     6
       Whip              |    11 |    82 ||    93
       Constrict         |     4 |    21 ||    25
       Tentacles         |     2 |    12 ||    14
       Punch             |       |     1 ||     1
 Cast: Pain              |    19 |     1 ||    20
       Animate Skeleton  |     2 |     9 ||    11
       Regeneration      |     1 |     2 ||     3
       Call Imp          |       |     1 ||     1
  Use: Potion            |     1 |     4 ||     5
 Stab: Sleeping          |     1 |     9 ||    10
       Distracted        |       |     1 ||     1
  Eat: Chunk             |       |     3 ||     3
Armor: Skin              |       |    24 ||    24
Dodge: Dodged            |    16 |    49 ||    65
